 Dungeon Sprint DCSS version 0.31-a0-940-gdaa99269f9 (webtiles) character file.

Game seed: 6836342980351157641

474 dialectric the Fighter (level 7, 16/51 HPs)
             Began as a Gargoyle Fighter on Oct 20, 2023.
             Got out of the dungeon alive.
             The game lasted 00:00:32 (68 turns).

dialectric the Fighter (Gargoyle Fighter)             Turns: 68, Time: 00:00:32

Health: 16/51      AC: 13    Str: 21      XL:     7   Next: 10%
Magic:  7/7        EV: 11    Int:  7 (9)  God:
Gold:   0          SH:  0    Dex:  7      Spells: 6/6 levels left

rFire   . . .        a - +0 flail
rCold   . . .        (no shield)
rNeg    + . .        b - +0 scale mail
rPois   ∞            (no helmet)
rElec   +            (no cloak)
rCorr   .            (no gloves)
SInv    .            (no boots)
Will    .....        (no amulet) Stlth
                     (no ring)
HPRegen 0.28/turn    (no ring)
MPRegen 0.10/turn

%: no teleportation
@: mighty, on berserk cooldown, slowed, very slow
A: sickness immunity, AC +4, negative energy resistance 1, electricity
resistance, torment resistance 1, petrification resistance, clumsy 1, inability
to drink after injury 1, inability to read after injury 1
a: no special abilities


You escaped.
You visited 1 branch

Inventory:

Hand Weapons
 a - a +0 flail (weapon)
Armour
 b - a +0 scale mail (worn)
 c - a +0 buckler
Scrolls
 j - a scroll of blinking
Potions
 g - a potion of haste
 h - 2 potions of magic


   Skills:
 + Level 9.6 Fighting
 + Level 6.0 Maces & Flails
 + Level 9.2 Armour
 * Level 5.0 Dodging
 - Level 5.4 Shields


You had 6 spell levels left.
You didn't know any spells.
Your spell library was empty.

Dungeon Overview and Level Annotations

Branches:
Dungeon (1/1)

Altars:


Innate Abilities, Weirdness & Mutations

You are immune to sickness and miasma.
Your stone body is resilient. (AC +4)
You are immune to poison.
You resist negative energy. (rN+)
You are resistant to electric shocks. (rElec)
You are resistant to unholy torment.
You are immune to petrification.
You are clumsy. (Dex -2)
You occasionally lose the ability to drink potions when taking damage.
You occasionally lose the ability to read scrolls when taking damage.


Message History

You sock the neqoxec!
The neqoxec is moderately wounded.
The neqoxec hits you but does no damage.
You barely miss the neqoxec.
The neqoxec is moderately wounded.
The neqoxec gestures at you.
Strange energies course through your body.
You occasionally lose the ability to read scrolls when taking damage.
The neqoxec hits you!
You hit the neqoxec but do no damage.
The neqoxec is moderately wounded.
The neqoxec hits you but does no damage.
The neqoxec misses you.
You closely miss the neqoxec.
The neqoxec is moderately wounded.
The neqoxec hits you.
* * * LOW HITPOINT WARNING * * *
You hit the neqoxec.
The neqoxec is heavily wounded.
The neqoxec misses you. The neqoxec closely misses you.
You hit the neqoxec.
The neqoxec is heavily wounded.
The neqoxec hits you but does no damage.
The neqoxec barely misses you.
You closely miss the neqoxec.
The neqoxec is heavily wounded.
The neqoxec gestures at you.
Something tries to feed on your intellect!
You hit the neqoxec. You punch the neqoxec.
The neqoxec is severely wounded.
The neqoxec hits you but does no damage.
The neqoxec closely misses you. The neqoxec gestures at you.
Strange energies course through your body.
There is a staircase leading out of the dungeon here.
The neqoxec gestures at you.
You feel dopey. Something feeds on your intellect!
The neqoxec hits you but does no damage.
You have escaped!

## ###
#.##..#
# #.3.#
#. #'#
#..##3##
#†.@.+
#..##.##
#. #+# #


You could see 2 neqoxecs.

Vanquished Creatures
  2 neqoxecs (D)
  4 scorpions (D)
6 creatures vanquished.

Vanquished Creatures (others)
  Menkaure (D)
1 creature vanquished.

Grand Total: 7 creatures vanquished

Notes
Turn   | Place    | Note
-------+----------+-------------------------------------------
     0 | D        | dialectric the Gargoyle Fighter began the quest for the
                  | Orb.
     0 | D        | Reached XP level 1. HP: 14/14 MP: 1/1
     8 | D        | Noticed a scorpion
     8 | D        | Noticed a scorpion
     8 | D        | Noticed a scorpion
     8 | D        | Noticed a scorpion
    15 | D        | Killed a scorpion
    16 | D        | Reached skill level 5 in Fighting
    16 | D        | Reached skill level 5 in Armour
    16 | D        | Reached skill level 5 in Shields
    16 | D        | Reached XP level 2. HP: 13/22 MP: 2/2
    16 | D        | Reached XP level 3. HP: 17/27 MP: 3/3
    16 | D        | Reached XP level 4. HP: 20/32 MP: 4/4
    17 | D        | Killed a scorpion
    18 | D        | Reached XP level 5. HP: 18/37 MP: 5/5
    32 | D        | Reached XP level 6. HP: 7/44 MP: 6/6
    34 | D        | Noticed a neqoxec
    34 | D        | Noticed a neqoxec
    34 | D        | Noticed a neqoxec
    34 | D        | Noticed a neqoxec
    40 | D        | Killed a neqoxec
    40 | D        | Killed Menkaure
    41 | D        | Reached skill level 5 in Maces & Flails
    41 | D        | Gained mutation: You are clumsy. (Dex -2) [a neqoxec]
    46 | D        | Killed a neqoxec
    47 | D        | Reached skill level 5 in Dodging
    47 | D        | Reached XP level 7. HP: 48/51 MP: 7/7
    47 | D        | Gained mutation: You occasionally lose the ability to drink
                  | potions when taking damage. [a neqoxec]
    59 | D        | Gained mutation: You occasionally lose the ability to read
                  | scrolls when taking damage. [a neqoxec]
    68 | D        | Got out of the dungeon alive.

Illustrated notes

Levels and vault maps discovered:
D:        the_violet_keep_of_menkaure [sprint2_stairs_cluster_1,
          sprint2_shoproom, sprint2_temple, sprint2_basic_supplies,
          sprint2_obstacle_5, sprint2_obstacle_7, sprint2_obstacle_3,
          sprint2_obstacle_1, sprint2_obstacle_4, sprint2_timed_cluster_1,
          sprint2_smallroom_cluster_1, sprint2_smallroom_final_cluster_1,
          sprint2_transparent_cluster_1, sprint2_second_timed_cluster_1,
          sprint2_sniper_area_1, sprint2_heavy_combat_area_1,
          sprint2_mutation_trap_area_1, sprint2_forest_area_1,
          sprint2_light_combat_area_1, sprint2_behind_water_1,
          sprint2_near_end_vault_1]

Skill      XL: |  1  2  3  4  5  6 |
---------------+-------------------+-----
Fighting       | 5 6 8 9 |  9.6
Armour         | 5 6 7 9 |  9.2
Shields        | 5 |  5.4
Maces & Flails | 3 4 6 |  6.0
Dodging        | 2 3 5 |  5.0

Action                     |  1- 3 |  4- 6 |  7- 9 || total
---------------------------+-------+-------+-------++-------
  Melee: Flail             |     5 |    27 |    17 ||    49
         Punch             |       |       |     1 ||     1
    Use: Potion            |     2 |     2 |       ||     4
 Armour: Scale mail        |     6 |    20 |    15 ||    41
  Dodge: Dodged            |     2 |     6 |    13 ||    21

Table legend: (Time is in decaauts)
 A = Elapsed time spent in this place.
 B = Non-inter-level travel time spent in this place.
 C = Inter-level travel time spent in this place.
 D = Time resting spent in this place.
 E = Time spent auto-exploring this place.
 F = Levels seen in this place.
 G = Mean time per level.
                   A        B        C        D        E       F      G
               +--------+--------+--------+--------+--------+-----+--------+
         Total |     77 |     77 |      0 |      0 |      0 |   1 |   77.0 |
       Dungeon |     77 |     77 |      0 |      0 |      0 |   1 |   77.0 |
               +--------+--------+--------+--------+--------+-----+--------+

Top non-repeatable levels by time:
       D: 77 daAuts
